 Dungeon Crawl Stone Soup version 0.29.0-4-gdea44cf6ec (webtiles) character file.

Game seed: 8797347922659911069

67 qw the Ruffian (level 4, -3/35 HPs)
             Began as a Ghoul Fire Elementalist on Aug 29, 2022.
             Slain by Terence
             ... wielding a +1 flail of draining
              (8 damage)
             ... on level 3 of the Dungeon.
             The game lasted 00:02:04 (3144 turns).

qw the Ruffian (Ghoul Fire Elementalist)            Turns: 3144, Time: 00:02:04

Health: -3/35      AC:  8    Str: 13    XL:     4   Next: 16%
Magic:  0/5        EV:  5    Int: 10    God:
Gold:   138        SH:  0    Dex:  9    Spells: 5/6 levels left

rFire   . . .      SeeInvis .     - Unarmed
rCold   + . .      Faith    .   (no shield)
rNeg    + + +      Spirit   +   i - +0 chain mail
rPois   inf        Reflect  .   (no helmet)
rElec   .          Harm     .   (no cloak)
rCorr   .          Rampage  .   (no gloves)
Will    .....                   (no boots)
Stlth   ..........              c - amulet of guardian spirit
HPRegen 0.00/turn               (no ring)
MPRegen 0.09/turn               (no ring)

@: inhibited regen
A: claws 1, cold resistance 1, negative energy resistance 3, inhibited
regeneration, torment resistance 2, devour on kill
a: no special abilities


You were on level 3 of the Dungeon.
You visited 1 branch of the dungeon, and saw 3 of its levels.

You collected 138 gold pieces.


Innate Abilities, Weirdness & Mutations

You are immune to poison.
You have sharp fingernails.
Your flesh is cold resistant. (rC+)
You are immune to negative energy. (rN+++)
You do not regenerate when monsters are visible.
You are immune to unholy pain and torment.
You thrive by killing the living.


   Skills:
 - Level 1.0 Fighting
 - Level 1.7 Dodging
 - Level 2.1 Stealth
 + Level 3.7 Unarmed Combat
 - Level 1.7 Spellcasting
 - Level 0.7 Conjurations
 - Level 2.4 Fire Magic


You had 5 spell levels left.
You knew the following spells:

 Your Spells              Type           Power      Damage    Failure   Level
a - Foxfire               Conj/Fire      16%        2x1d4     99%         1

Your spell library contained the following spells:

 Spells                   Type           Power      Damage    Failure   Level
 Scorch                   Fire           10%        2d6       100%        2
 Conjure Flame            Conj/Fire      4%         6-21      100%        3
 Inner Flame              Hex/Fire       3%         N/A       100%        3
 Flame Wave               Conj/Fire      4%         2d5       100%        4

Inventory:

Armour
 i - a +0 chain mail (worn)
Jewellery
 c - an amulet of guardian spirit (around neck)
 e - an amulet of regeneration
Scrolls
 a - a scroll of amnesia {unknown}
 h - 3 scrolls of identify
Potions
 b - a potion of cancellation
 d - 3 potions of curing
 f - a potion of mutation
 g - a potion of resistance

Dungeon Overview and Level Annotations

Branches:
Dungeon (3/15)

Altars:
Wu Jian

Annotations:
D:3 Terence


Message History

The jackal completely misses you.
You scratch the jackal.
The jackal is severely wounded.
The jackal bites you but does no damage. x2
You scratch the jackal.
You kill the jackal!
You start resting.
HP restored.
Found 8 stones and 3 poisoned darts.
Found a stone staircase leading down.
Found a book of Dreams.
a - a scroll labelled LOSHRYU SUMOED
Found an ornate altar of the Wu Jian Council.
Found a whip.
You see here a +0 whip.
You open the door.
There is an open door here.
There is an ornate altar of the Wu Jian Council here.
You open the door. You open the door.
There is an open door here.
You open the door.
Terence the Incautious comes into view.
He is wielding a +1 flail of draining.
Terence shouts!
Terence drinks a potion.
Terence seems to speed up.
Terence hits you but does no damage.
You scratch Terence.
Terence is lightly wounded.
Terence hits you with a +1 flail of draining.
You barely miss Terence.
Terence is lightly wounded.
Terence hits you with a +1 flail of draining! x2
You closely miss Terence.
Terence is lightly wounded.
Terence hits you with a +1 flail of draining.
You closely miss Terence.
Terence is lightly wounded.
Terence hits you with a +1 flail of draining.
Terence hits you with a +1 flail of draining!
You die...

#..#######......###...# #.#
###...## ##..## #. #..##
##..## #.. ##..## ##..## ..
#..##. ##..# .# #.##.^ ##.#
.# #.#...#### #.# .###
#.##.@#.#.#+ ##.# ...#####
#..###@.#..###..#
.#%....#####.%...###......#
.#####.....|.##........##.#
## ###.....##.#.##......#
.#### ##..............#####
....###.......###.###.#
###.##........# #.# #.#
#......#####..###'###.#
#.#..#### #..###_'...#


You could see Terence (fast).

Vanquished Creatures
  2 adders
  5 dart slugs (D:1)
  3 endoplasms
  2 giant cockroaches
  6 goblins
  2 hobgoblins
  2 jackals (D:3)
  4 kobolds
  A quokka (D:2)
  6 ball pythons
  A bat (D:1)
  4 rats
38 creatures vanquished.

Notes
Turn   | Place    | Note
-------+----------+-------------------------------------------
     0 | D:1      | qw the Ghoul Fire Elementalist began the quest for the Orb.
     0 | D:1      | Reached XP level 1. HP: 14/14 MP: 2/2
     0 | D:1      | 0 ||| qw: Version: 0.1-a-90-g952f4b7
     0 | D:1      | 0 ||| qw: Game counter: 4066
     0 | D:1      | 0 ||| qw: Always use a shield: true
     0 | D:1      | 0 ||| qw: God list: Okawaru
     0 | D:1      | 0 ||| qw: Allow faded altars: false
     0 | D:1      | 0 ||| qw: Do Orc after D:15 true
     0 | D:1      | 0 ||| qw: Do second Lair branch before Depths: true
     0 | D:1      | 0 ||| qw: Lair rune preference: random
     0 | D:1      | 0 ||| qw: Plans: Normal
     0 | D:1      | 0 ||| PLANNING D:1-11
   586 | D:1      | Reached skill level 1 in Unarmed Combat
   781 | D:1      | Reached XP level 2. HP: 19/22 MP: 3/3
   827 | D:1      | Reached skill level 1 in Fighting
   997 | D:1      | 997 ||| Stepping ~*~*~tactically~*~*~ (hiding).
  1234 | D:1      | Reached skill level 2 in Unarmed Combat
  1376 | D:1      | 1376 ||| Stepping ~*~*~tactically~*~*~ (hiding).
  1478 | D:1      | 1478 ||| Stepping ~*~*~tactically~*~*~ (hiding).
  1538 | D:1      | Reached XP level 3. HP: 28/28 MP: 4/4
  1552 | D:1      | 1552 ||| Stepping ~*~*~tactically~*~*~ (stealth).
  1554 | D:1      | 1554 ||| Stepping ~*~*~tactically~*~*~ (stealth).
  1571 | D:1      | 1571 ||| Stepping ~*~*~tactically~*~*~ (stealth).
  1583 | D:1      | 1583 ||| Stepping ~*~*~tactically~*~*~ (stealth).
  1585 | D:1      | 1585 ||| Stepping ~*~*~tactically~*~*~ (stealth).
  1588 | D:1      | 1588 ||| Stepping ~*~*~tactically~*~*~ (stealth).
  1899 | D:1      | 1899 ||| READING 6 scrolls labelled JUBBEA REHI.
  1900 | D:1      | 1900 ||| READING scroll labelled JAPLEO UTRIUTY.
  1901 | D:1      | 1901 ||| READING scroll labelled VOSUREI YLUTZ.
  1905 | D:1      | 1905 ||| DRINKING 2 yellow potions.
  1906 | D:1      | 1906 ||| DRINKING 2 puce potions.
  1907 | D:1      | 1907 ||| DRINKING 2 fizzy orange potions.
  1908 | D:1      | 1908 ||| READING 5 scrolls of identify.
  1908 | D:1      | 1908 ||| IDENTIFYING murky sapphire potion
  1909 | D:1      | 1909 ||| DROPPING potion of magic.
  1910 | D:1      | 1910 ||| DROPPING potion of lignification.
  1911 | D:1      | 1911 ||| DROPPING potion of brilliance.
  2019 | D:2      | 2019 ||| Stepping ~*~*~tactically~*~*~ (stealth).
  2024 | D:2      | Reached skill level 3 in Unarmed Combat
  2029 | D:2      | 2029 ||| Stepping ~*~*~tactically~*~*~ (stealth).
  2032 | D:2      | 2032 ||| Stepping ~*~*~tactically~*~*~ (stealth).
  2045 | D:2      | 2045 ||| Stepping ~*~*~tactically~*~*~ (stealth).
  2885 | D:2      | 2885 ||| UPGRADING to +0 chain mail.
  2895 | D:2      | 2895 ||| DROPPING +0 robe.
  2896 | D:2      | 2896 ||| UPGRADING to amulet of guardian spirit.
  2901 | D:2      | 2901 ||| READING 5 scrolls of identify.
  2901 | D:2      | 2901 ||| IDENTIFYING fizzy cyan potion
  2902 | D:2      | 2902 ||| READING 4 scrolls of identify.
  2902 | D:2      | 2902 ||| IDENTIFYING metallic green potion
  3011 | D:3      | Reached XP level 4. HP: 35/35 MP: 5/5
  3106 | D:3      | Found an ornate altar of the Wu Jian Council.
  3139 | D:3      | Noticed Terence
  3144 | D:3      | HP: 5/35 [Terence/+1 flail of draining (4)]
  3144 | D:3      | Slain by Terence

Levels and vault maps discovered:
D:1:      lordsloth_arrival_two_stooges, layout_loops_ring, chequers_arboretum,
          st_stairs_13, chequers_serial_rivers_large_b
D:2:      layout_basic, st_stairs_3, corexii_corridor_pit
D:3:      layout_rooms, lemuel_doored_altar, makhleb_altar_promises_db,
          nemelex_spade_bored_becter, mainiacjoe_overflow_concentric_impassable,
          jmf_multi_god_temple, ebering_ecumenical_altar_abandoned,
          uniq_jessica, uniq_ijyb, uniq_robin, uniq_terence

Skill      XL: |  1  2  3 |
---------------+----------+-----
Unarmed Combat | 1 2 3 |  3.7
Fighting       | 1 |  1.0
Dodging        | |  1.7
Stealth        | |  2.1
Spellcasting   | |  1.7
Conjurations   | |  0.7
Fire Magic     | |  2.4

Action                   |  1- 3 |  4- 6 || total
-------------------------+-------+-------++-------
Melee: Unarmed           |   149 |    15 ||   164
       Punch             |     4 |       ||     4
  Use: Scroll            |     6 |       ||     6
       Potion            |     3 |       ||     3
 Stab: Sleeping          |     1 |       ||     1
Armor: Robe              |    17 |       ||    17
       Chain mail        |     3 |     8 ||    11
Dodge: Dodged            |    57 |     7 ||    64

Table legend:
 A = Non-vault XP
 B = Vault XP
 C = Vault XP percentage of total XP
 D = Non-vault monster count
 E = Vault monster count
 F = Vault count percentage of total count
                 A         B        C        D         E       F
            +---------+---------+-------+---------+---------+-------
      Total |      75 |      21 |  21.9 |      34 |       4 |  10.5
            +---------+---------+-------+---------+---------+-------
        D:1 |      39 |       5 |  11.4 |      19 |       2 |   9.5
        D:2 |      14 |      16 |  53.3 |      10 |       2 |  16.7
        D:3 |      22 |       0 |   0.0 |       5 |       0 |   0.0
            +---------+---------+-------+---------+---------+-------
